 Dungeon Crawl Stone Soup version 0.19-a0-1008-g4c63d25 (webtiles) character file.

180 HAL9000 the Cudgeler (level 5, -4/57 HPs)
             Began as an Ogre Berserker on July 23, 2016.
             Was a Priest of Trog.
             Slain by an orc priest
             ... wielding a +0 club
              (6 damage)
             ... on level 3 of the Dungeon.
             The game lasted 00:04:16 (2686 turns).

HAL9000 the Cudgeler (Ogre Berserker)               Turns: 2686, Time: 00:04:17

Health: -4/57      AC:  4    Str: 22    XL:     5   Next: 60%
Magic:  5/5        EV: 10    Int:  6    God:    Trog [***...]
Gold:   107        SH:  0    Dex: 10    Spells: 0 memorised, 4 levels left

rFire  . . .     SeeInvis .     q - +0 morningstar
rCold  . . .     Gourm    .     b - +0 animal skin
rNeg   . . .     Faith    .     (no shield)
rPois  .         Spirit   .     (helmet restricted)
rElec  .         Dismiss  .     p - +0 cloak
rCorr  .         Reflect  .     (gloves unavailable)
SustAt .         Harm     .     (boots unavailable)
MR     .....                    (no amulet)
Stlth  +.........               (no ring)
                                (no ring)

@: exhausted, slowed, very slow, not resistant to hostile enchantments, very
unstealthy
A: unfitting armour, tough skin 1
a: Berserk, Trog's Hand, Burn Spellbooks, Renounce Religion


You were on level 3 of the Dungeon.
You worshipped Trog.
Trog was most pleased with you.
You were very hungry.

You visited 1 branch of the dungeon, and saw 3 of its levels.

You collected 107 gold pieces.

Inventory:

Hand Weapons
 q - a +0 morningstar (weapon)
Armour
 b - a +0 animal skin (worn)
 p - a +0 cloak (worn)
Wands
 n - a wand of hasting (5/9)
Scrolls
 h - 3 scrolls of identify {unknown}
 j - a scroll of remove curse {unknown}
 l - a scroll of random uselessness {unknown}
 m - a scroll of enchant weapon {unknown}
 u - a scroll of fog {unknown}
Potions
 d - a potion of agility
 i - 2 potions of curing {unknown}
 k - a potion of haste {unknown}
 r - a potion of flight {unknown}
 s - a potion of degeneration {unknown}
Comestibles
 c - 4 bread rations
 g - 2 meat rations
 o - a slice of pizza


   Skills:
 + Level 5.5 Fighting
 * Level 7.1 Maces & Flails
 - Level 2.6 Dodging


You had 4 spell levels left.
You didn't know any spells.

Dungeon Overview and Level Annotations

Branches:
Dungeon (3/15)

Altars:
Makhleb
Pakellas
Xom


Innate Abilities, Weirdness & Mutations

You are too large for most types of armour.
You have tough skin. (AC +1)


Message History

The orc completely misses you.
Unknown command.
You bludgeon the orc!!
You kill the orc!
Trog accepts your kill. The orc barely misses you.
Unknown command.
You sock the orc!
You kill the orc!
Trog accepts your kill.
Unknown command.
You are no longer berserk.
You are exhausted.
You feel yourself slow down.
You are feeling very hungry.
Things that are here:
a mace; a leather armour Unknown command.
The orc priest barely misses you. The orc priest hits you with a club.
You die...

... .... #.. .....
#.( ...PP♣P♣ #..
.....PP. #..
.....PP. #..
.......#######..
#..
................
#.. .. #[)@o♣ ##.
#. #.#.♣♣P♣♣♣## ##
#.#...♣P..♣♣.## #
#....♣♣P..♣♣..#
###♣.♣♣..PP♣#.# ##
♣♣..♣ #.#######. ..
... ♣...♣
♣♣##...##.... #..
###..
♣♣..♣♣♣.#........))
#... ..#...###
♣♣.♣#.............


You could see an orc priest.

Vanquished Creatures
  An orc wizard (D:3)
  3 adders
  An ooze (D:3)
  2 worms
  3 dart slugs (D:1)
  5 giant geckos
  10 orcs (D:3)
  8 bats
  14 giant cockroaches
  3 goblins
  11 hobgoblins
  5 jackals (D:3)
  7 kobolds
  2 quokkas (D:2)
  4 giant newts
  5 rats
84 creatures vanquished.

Vanquished Creatures (others)
  A warg (D:3)
1 creature vanquished.

Grand Total: 85 creatures vanquished

Notes
Turn   | Place    | Note
-------+----------+-------------------------------------------
     0 | D:1      | HAL9000 the Ogre Berserker began the quest for the Orb.
     0 | D:1      | Reached XP level 1. HP: 24/24 MP: 1/1
   208 | D:1      | Reached XP level 2. HP: 13/32 MP: 2/2
   530 | D:1      | Found a shimmering altar of Xom.
   908 | D:1      | Reached skill level 5 in Maces & Flails
   908 | D:1      | Reached XP level 3. HP: 32/40 MP: 3/3
   946 | D:1      | Reached ** piety under Trog
  1518 | D:2      | Found a burning altar of Makhleb.
  1520 | D:2      | Noticed an Executioner
  1600 | D:2      | Reached XP level 4. HP: 36/49 MP: 4/4
  2051 | D:2      | Reached skill level 5 in Fighting
  2154 | D:3      | Found an oddly glowing altar of Pakellas.
  2154 | D:3      | Noticed a warg
  2163 | D:3      | Killed a warg
  2180 | D:3      | Reached skill level 6 in Maces & Flails
  2206 | D:3      | Noticed an electric golem
  2329 | D:3      | Reached *** piety under Trog
  2425 | D:3      | Reached XP level 5. HP: 21/57 MP: 5/5
  2673 | D:3      | Reached skill level 7 in Maces & Flails
  2679 | D:3      | HP: 4/85 [orc (4)]
  2680 | D:3      | HP: 1/85 [orc (3)]
  2686 | D:3      | Slain by an orc priest

Vault maps used:
D:1:      saegor_arrival_simple_d, xom_teletrap_fun
D:2:      first_bread, makhleb_altar_promises_db
D:3:      minmay_roachtagon, serial_forest, infiniplex_forest_clump_small,
          infiniplex_forest_lined_room_2, infiniplex_forest_straight_3,
          infiniplex_forest_side_room, infiniplex_forest_lined_room_3,
          infiniplex_forest_clump_small, infiniplex_forest_clump_large,
          gammafunk_pakellas_its_alive

Skill      XL: |  1  2  3  4  5 |
---------------+----------------+-----
Maces & Flails | 5 6 7 |  7.1
Fighting       | 5 |  5.5
Dodging        | |  2.6

Action                   |  1- 3 |  4- 6 || total
-------------------------+-------+-------++-------
Melee: Mace              |   135 |    44 ||   179
       Morningstar       |       |   108 ||   108
Invok: Berserk           |       |     1 ||     1
 Stab: Sleeping          |       |     1 ||     1
  Eat: Chunk             |     2 |     4 ||     6
Armor: Animal skin       |    48 |    77 ||   125
Dodge: Dodged            |    78 |   123 ||   201
